 Dungeon Crawl Stone Soup version 0.21.1-1-g345015f (webtiles) character file.

293 Mgcat the Insei (level 6, -12/47 HPs)
             Began as a Gnoll Transmuter on Mar 21, 2018.
             Was a Believer of Dithmenos.
             Mangled by Mirai's ghost (15 damage)
             ... on level 4 of the Dungeon.
             The game lasted 00:06:34 (1654 turns).

Mgcat the Insei (Gnoll Transmuter)                  Turns: 1654, Time: 00:06:35

Health: -12/47     AC:  2    Str: 14    XL:     6   Next: 33%
Magic:  2/14       EV: 24    Int: 16    God:    Dithmenos [**....]
Gold:   100        SH:  0    Dex: 20    Spells: 5/15 levels left

rFire    . . .     SeeInvis .     - Unarmed
rCold    . . .     Gourm    .   (shield currently unavailable)
rNeg     . . .     Faith    .   (armour currently unavailable)
rPois    x         Spirit   .   (helmet currently unavailable)
rElec    .         Reflect  .   (cloak currently unavailable)
rCorr    .         Harm     .   (gloves currently unavailable)
MR       .....                  (boots currently unavailable)
Stlth    +++.......             (no amulet)
HPRegen  0.15/turn              (no ring)
MPRegen  0.14/turn              (no ring)

@: spider-form, very slightly contaminated, wreathed by umbra
A: tiny, distributed training, strong nose
a: End Transformation, Shadow Step, Renounce Religion


You were on level 4 of the Dungeon.
You worshipped Dithmenos.
Dithmenos was pleased with you.
You were not hungry.
You were a venomous arachnid creature.
You visited 1 branch of the dungeon, and saw 4 of its levels.

You collected 100 gold pieces.

Inventory:

Missiles
 a - 22 arrows
Armour
 b - a +0 robe (melded)
 h - a +0 pair of gloves (melded)
   (You found it on level 1 of the Dungeon)
 j - a +1 helmet
   (You took it off Robin on level 2 of the Dungeon)
Wands
 f - a wand of paralysis (12)
   (You took it off Ijyb on level 3 of the Dungeon)
Scrolls
 e - 6 scrolls of identify {unknown}
 o - a scroll of fog {unknown}
Potions
 g - 2 potions of heal wounds {unknown}
 i - a potion of mutation {unknown}
 k - a potion of might {unknown}
 l - a potion of cancellation {unknown}
 m - a potion of degeneration {unknown}
 n - a potion of brilliance {unknown}
Books
 c - a book of Changes
Comestibles
 d - 5 rations
 p - 4 chunks of flesh {@w0}


   Skills:
 + Level 3.2 Fighting
 + Level 1.9 Short Blades
 + Level 1.9 Long Blades
 + Level 1.9 Axes
 + Level 1.9 Maces & Flails
 + Level 1.9 Polearms
 + Level 1.9 Staves
 + Level 1.9 Slings
 + Level 1.9 Bows
 + Level 1.9 Crossbows
 + Level 1.9 Throwing
 + Level 1.9 Armour
 + Level 4.9 Dodging
 + Level 1.9 Stealth
 + Level 1.9 Shields
 + Level 6.8 Unarmed Combat
 + Level 5.3 Spellcasting
 + Level 1.5 Conjurations
 + Level 1.5 Hexes
 + Level 1.5 Charms
 + Level 1.5 Summonings
 + Level 1.5 Necromancy
 + Level 1.5 Translocations
 + Level 4.1 Transmutations
 + Level 1.5 Fire Magic
 + Level 1.5 Ice Magic
 + Level 1.5 Air Magic
 + Level 1.5 Earth Magic
 + Level 1.5 Poison Magic
 + Level 2.1 Invocations
 + Level 1.9 Evocations


You had 5 spell levels left.
You knew the following spells:

 Your Spells              Type           Power        Failure   Level  Hunger
a - Beastly Appendage     Tmut           ###...       10%         1    None
b - Sticks to Snakes      Tmut           ###.....     13%         2    #......
c - Spider Form           Tmut/Pois      ##........   32%         3    ###....
d - Ice Form              Ice/Tmut       ##......     65%         4    ####...


Dungeon Overview and Level Annotations

Branches:
Dungeon (4/15)
 Temple: D:4-7

Altars:
Dithmenos
Elyvilon
Zin

Annotations:
D:4 Mirai's ghost, amateur MiFi


Innate Abilities, Weirdness & Mutations

Your experience applies equally to all skills.
((You have very sharp teeth.))
Your uncanny sense of smell can sniff out nearby items.


Message History

Mirai's ghost barely misses you.
You hit Mirai's ghost but do no damage.
Your ball python barely misses Mirai's ghost.
You hit Mirai's ghost.
Mirai's ghost is lightly damaged.
Mirai's ghost hits you!
Your ball python bites Mirai's ghost but does no damage.
You hit Mirai's ghost.
Mirai's ghost is lightly damaged.
Mirai's ghost misses you.
Your ball python barely misses Mirai's ghost.
You hit Mirai's ghost.
Mirai's ghost is moderately damaged.
Your ball python bites Mirai's ghost but does no damage.
Mirai's ghost hits you.
You bite Mirai's ghost!
Mirai's ghost is heavily damaged.
Your ball python bites Mirai's ghost but does no damage.
Mirai's ghost hits your ball python!
Your ball python dies!
Mirai's ghost turns its malevolent gaze towards you.
You hit Mirai's ghost.
Mirai's ghost is severely damaged.
Mirai's ghost hits you!
Casting: Spider Form
Confirm with . or Enter, or press ? or * to list all spells.
You miscast Sticks to Snakes.
You are very lightly contaminated with residual magic.
Nothing appears to happen.
Mirai's ghost hits you!
Casting: Sticks to Snakes
Confirm with . or Enter, or press ? or * to list all spells.
You create 2 snakes!
You now have 23 arrows.
Mirai's ghost closely misses you.
Your transformation is almost over.
Mirai's ghost hits you!
* * * LOW HITPOINT WARNING * * *
You hit Mirai's ghost but do no damage.
Mirai's ghost is severely damaged.
Your adder bites Mirai's ghost.
Mirai's ghost hits your adder!
Your adder dies!
Mirai's ghost turns its malevolent gaze towards you.
You hit Mirai's ghost but do no damage.
Mirai's ghost is severely damaged.
Your ball python bites Mirai's ghost but does no damage.
Mirai's ghost hits your ball python!
Your ball python dies!
Mirai's ghost turns its malevolent gaze towards you.
You hit Mirai's ghost but do no damage.
Mirai's ghost is severely damaged.
Mirai's ghost completely misses you.
Okay, then.
Unknown command.
Unknown command.
You hit Mirai's ghost but do no damage.
Mirai's ghost is severely damaged.
You hit Mirai's ghost.
Mirai's ghost is severely damaged.
Mirai's ghost misses you.
You barely miss Mirai's ghost.
Mirai's ghost is severely damaged.
Mirai's ghost barely misses you.
You hit Mirai's ghost but do no damage.
Mirai's ghost is severely damaged.
Mirai's ghost hits you.
* * * LOW HITPOINT WARNING * * *
Casting: Sticks to Snakes
Confirm with . or Enter, or press ? or * to list all spells.
Your transformation has ended.
Your +0 pair of gloves unmelds from your body.
Your +0 robe unmelds from your body.
You grow a pair of large bovine horns.
Mirai's ghost hits you.
* * * LOW HITPOINT WARNING * * *
Casting: Beastly Appendage
Confirm with . or Enter, or press ? or * to list all spells.
You create a snake!
You now have 22 arrows.
Mirai's ghost says, "Do you think the gods will protect you?"
Mirai's ghost misses you. Mirai's ghost closely misses you.
Casting: Sticks to Snakes
Confirm with . or Enter, or press ? or * to list all spells.
Your horns disappear.
You turn into a venomous arachnid creature.
Your +0 pair of gloves melds into your body.
Your +0 robe melds into your body.
Mirai's ghost completely misses you.
Your ball python bites Mirai's ghost but does no damage.
You hit Mirai's ghost.
Mirai's ghost is severely damaged.
Your ball python bites Mirai's ghost but does no damage.
Mirai's ghost barely misses you.
You hit Mirai's ghost but do no damage.
Mirai's ghost is severely damaged.
Your ball python bites Mirai's ghost.
Mirai's ghost misses you.
You hit Mirai's ghost but do no damage.
Mirai's ghost is severely damaged.
Your ball python barely misses Mirai's ghost.
Mirai's ghost completely misses you.
You barely miss Mirai's ghost.
Mirai's ghost is severely damaged.
Your ball python barely misses Mirai's ghost.
Mirai's ghost hits you!
You die...

#.####..##.._##..###.####
# #..#######..###.# .....
#...'...# ......
+...#...# #.##.##
##'###### ##
#.########..##.###.##
#.....#.÷..........
#.....#............
+....sW..........?.
####.S##..##.###.##
#..##..# .# #
.........#..
..........#... ∆
####.###..###.## #. +## ∆
..


You could see Mirai's ghost and a friendly ball python.

Vanquished Creatures
  An ogre (D:4)
  A howler monkey (D:4)
  A bullfrog zombie (D:3)
  Ijyb (D:3)
  Robin (D:2)
  2 adders
  An adder skeleton (D:4)
  3 worms
  A dart slug (D:1)
  A leopard gecko (D:2)
  An orc (D:3)
  A bat (D:3)
  A giant cockroach (D:2)
  11 goblins
  9 hobgoblins
  16 jackals
  3 kobolds
  2 frilled lizards (D:2)
  5 rats
62 creatures vanquished.

Vanquished Creatures (others)
  A bat (D:2)
  A jackal (D:2)
  10 toadstools (D:3)
12 creatures vanquished.

Grand Total: 74 creatures vanquished

Notes
Turn   | Place    | Note
-------+----------+-------------------------------------------
     0 | D:1      | Mgcat the Gnoll Transmuter began the quest for the Orb.
     0 | D:1      | Reached XP level 1. HP: 17/17 MP: 6/6
   235 | D:2      | Reached XP level 2. HP: 14/23 MP: 5/7
   353 | D:2      | Noticed Robin
   369 | D:2      | Reached XP level 3. HP: 25/28 MP: 9/9
   373 | D:2      | Reached skill level 5 in Spellcasting
   407 | D:2      | Reached skill level 1 in Invocations
   444 | D:2      | Killed Robin
   444 | D:2      | Reached skill level 1 in Short Blades
   444 | D:2      | Reached skill level 1 in Long Blades
   444 | D:2      | Reached skill level 1 in Axes
   444 | D:2      | Reached skill level 1 in Maces & Flails
   444 | D:2      | Reached skill level 1 in Polearms
   444 | D:2      | Reached skill level 1 in Staves
   444 | D:2      | Reached skill level 1 in Slings
   444 | D:2      | Reached skill level 1 in Bows
   444 | D:2      | Reached skill level 1 in Crossbows
   444 | D:2      | Reached skill level 1 in Throwing
   444 | D:2      | Reached skill level 1 in Armour
   444 | D:2      | Reached skill level 1 in Stealth
   444 | D:2      | Reached skill level 1 in Shields
   444 | D:2      | Reached skill level 1 in Evocations
   457 | D:2      | Reached XP level 4. HP: 28/34 MP: 9/11
   506 | D:2      | Found a faded altar of an unknown god.
   508 | D:2      | Became a worshipper of Dithmenos the Shadowed
   508 | D:2      | Reached * piety under Dithmenos
   620 | D:2      | Found a white marble altar of Elyvilon.
   672 | D:2      | Learned a level 2 spell: Sticks to Snakes
   676 | D:2      | Learned a level 3 spell: Spider Form
   681 | D:2      | Learned a level 4 spell: Ice Form
   923 | D:4      | Noticed Mirai's ghost (amateur MiFi)
  1119 | D:3      | Noticed Ijyb
  1126 | D:3      | Killed Ijyb
  1126 | D:3      | Reached skill level 1 in Conjurations
  1126 | D:3      | Reached skill level 1 in Hexes
  1126 | D:3      | Reached skill level 1 in Charms
  1126 | D:3      | Reached skill level 1 in Summonings
  1126 | D:3      | Reached skill level 1 in Necromancy
  1126 | D:3      | Reached skill level 1 in Translocations
  1126 | D:3      | Reached skill level 1 in Fire Magic
  1126 | D:3      | Reached skill level 1 in Ice Magic
  1126 | D:3      | Reached skill level 1 in Air Magic
  1126 | D:3      | Reached skill level 1 in Earth Magic
  1126 | D:3      | Reached skill level 1 in Poison Magic
  1246 | D:4      | Noticed an ogre
  1258 | D:4      | Killed an ogre
  1258 | D:4      | Reached skill level 3 in Fighting
  1258 | D:4      | Reached skill level 4 in Transmutations
  1258 | D:4      | Reached XP level 5. HP: 17/41 MP: 2/12
  1259 | D:4      | Found a glowing silver altar of Zin.
  1268 | D:4      | Reached skill level 2 in Invocations
  1268 | D:4      | Reached XP level 6. HP: 21/47 MP: 3/13
  1605 | D:4      | Reached ** piety under Dithmenos
  1639 | D:4      | HP: 4/47 [Mirai's ghost (15)]
  1646 | D:4      | HP: 4/47 [Mirai's ghost (1)]
  1654 | D:4      | Mangled by Mirai's ghost

Skill      XL: |  1  2  3  4  5 |
---------------+----------------+-----
Spellcasting   | 5 |  5.3
Invocations    | 1 2 |  2.1
Short Blades   | 1 |  1.9
Long Blades    | 1 |  1.9
Axes           | 1 |  1.9
Maces & Flails | 1 |  1.9
Polearms       | 1 |  1.9
Staves         | 1 |  1.9
Slings         | 1 |  1.9
Bows           | 1 |  1.9
Crossbows      | 1 |  1.9
Throwing       | 1 |  1.9
Armour         | 1 |  1.9
Stealth        | 1 |  1.9
Shields        | 1 |  1.9
Evocations     | 1 |  1.9
Conjurations   | 1 |  1.5
Hexes          | 1 |  1.5
Charms         | 1 |  1.5
Summonings     | 1 |  1.5
Necromancy     | 1 |  1.5
Translocations | 1 |  1.5
Fire Magic     | 1 |  1.5
Ice Magic      | 1 |  1.5
Air Magic      | 1 |  1.5
Earth Magic    | 1 |  1.5
Poison Magic   | 1 |  1.5
Fighting       | 3 |  3.2
Transmutations | 4 |  4.1
Dodging        | |  4.9
Unarmed Combat | |  6.8

Action                   |  1- 3 |  4- 6 || total
-------------------------+-------+-------++-------
Melee: Unarmed           |    74 |   120 ||   194
       Kick              |     4 |    12 ||    16
       Headbutt          |     4 |     4 ||     8
       Bite              |     3 |     8 ||    11
 Cast: Beastly Appendage |     9 |    13 ||    22
       Spider Form       |       |     8 ||     8
       Sticks to Snakes  |       |     3 ||     3
 Stab: Sleeping          |       |     5 ||     5
  Eat: Chunk             |       |     3 ||     3
Armor: Robe              |     8 |     4 ||    12
Dodge: Dodged            |    52 |    75 ||   127

Vault maps used:
D:1:      noname_arrival_rooms_in_the_neighbourhood
D:2:      cheibrodos_helix_gallery, first_ration,
          chequers_ecumenical_altar_twisty, elyvilon_altar_4, uniq_robin
D:3:      cheibrodos_fertilizer, wad_floor_pattern_2, minivault_11, uniq_ijyb
D:4:      overflow_temple_1_default, uniq_menkaure

Table legend:
 A = Turns spent in this place as a percentage of turns spent in the entire game.
 B = Non-inter-level travel turns spent in this place as a percentage of non-inter-level travel turns spent in the entire game.
 C = Inter-level travel turns spent in this place as a percentage of turns spent in this place.
 D = Turns resting spent in this place as a percentage of non-inter-level travel turns spent in this place.
 E = Turns spent auto-exploring this place as a percentage of non-inter-level travel turns spent in this place.
 F = Non-inter-level travel turns spent in this place divided by the number of levels of this place that you've seen.
                   A       B       C       D       E      F
               +-------+-------+-------+-------+-------+----------------------
         Total | 100.0 | 100.0 |   2.6 |   0.0 |  56.8 | 402.8
       Dungeon | 100.0 | 100.0 |   2.6 |   0.0 |  56.8 | 402.8
               +-------+-------+-------+-------+-------+----------------------

Table legend:
 A = Kills in this place as a percentage of kills in entire the game.
 B = Kills by you in this place as a percentage of kills by you in the entire game.
 C = Kills by friends in this place as a percentage of kills by friends in the entire game.
 D = Other kills in this place as a percentage of other kills in the entire game.
 E = Experience gained in this place as a percentage of experience gained in the entire game.
 F = Experience gained in this place divided by the number of levels of this place that you have seen.
                   A       B       C       D       E      F
               +-------+-------+-------+-------+-------+----------------------
         Total | 100.0 | 100.0 |   N/A |   N/A | 100.0 | 104.8
       Dungeon | 100.0 | 100.0 |   N/A |   N/A | 100.0 | 104.8
               +-------+-------+-------+-------+-------+----------------------
